 Dungeon Crawl Stone Soup version 0.30.0-10-gfe55d96785 (webtiles) character file.

Game seed: 16651568979190626414

643 GloriousHammer the Firebug (level 7, 0/36 HPs)
             Began as a Tengu Fire Elementalist on May 14, 2023.
             Was an Initiate of Sif Muna.
             Slain by an adder (2 damage)
             ... on level 5 of the Dungeon.
             The game lasted 00:08:21 (5351 turns).

GloriousHammer the Firebug (TeFE)                   Turns: 5351, Time: 00:08:21

Health: 0/36       AC:  2    Str:  8    XL:     7   Next: 51%
Magic:  3/14       EV: 15    Int: 23    God:    Sif Muna [......]
Gold:   233        SH:  0    Dex: 22    Spells: 4/14 levels left

rFire   . . .        r - +9 whip "Waly" {venom, Dex+7}
rCold   . . .        (no shield)
rNeg    . . .        a - +0 robe
rPois   .            (helmet restricted)
rElec   .            (no cloak)
rCorr   .            (no gloves)
SInv    .            (boots unavailable)
Will    .....        (no amulet)
Stlth   +++          o - +6 ring of intelligence
HPRegen 0.26/turn    (no ring)
MPRegen 0.14/turn

%: no passive effects
@: flying quickly and evasively, quick
A: beak, talons 3, nimble flight
a: Renounce Religion


You were on level 5 of the Dungeon.
You worshipped Sif Muna.
Sif Muna was noncommittal.
You visited 2 branches of the dungeon, and saw 6 of its levels.

You collected 233 gold pieces.

Inventory:

Hand Weapons
 k - a +2 antimagic dagger
 p - a +0 sling
 r - the +9 whip "Waly" (weapon) {venom, Dex+7}
   (You found it on level 3 of the Dungeon)

   Dex:       It affects your dexterity (+7).
Missiles
 l - 7 javelins
Armour
 a - a +0 robe (worn)
Jewellery
 o - a +6 ring of intelligence (left hand)
 u - an amulet of regeneration
Wands
 g - a wand of flame (7)
 m - a wand of digging (7)
Scrolls
 c - 2 scrolls of acquirement {unknown}
 e - a scroll of teleportation {unknown}
 f - a scroll of enchant armour {unknown}
 h - a scroll of silence {unknown}
 j - 2 scrolls of fear {unknown}
 s - a scroll of immolation {unknown}
 t - 2 scrolls of identify {unknown}
 w - a scroll of amnesia {unknown}
 x - a scroll of torment {unknown}
Potions
 b - a potion of magic
 d - 2 potions of heal wounds {unknown}
 i - a potion of degeneration {unknown}
 n - a potion of brilliance {unknown}
 q - 4 potions of curing {unknown}
 v - 2 potions of mutation {unknown}


   Skills:
 - Level 2.1 Dodging
 - Level 4.0 Stealth
 + Level 4.1 Spellcasting
 + Level 5.4 Conjurations
 + Level 5.7 Fire Magic


You had 4 spell levels left.
You knew the following spells:

 Your Spells              Type           Power      Damage    Failure   Level
a - Foxfire               Conj/Fire      100%       2x1d9     1%          1
b - Scorch                Fire           62%        2d8       1%          2
c - Volatile Blastmotes   Fire/Tloc      34%        2d12      10%         3
d - Flame Wave            Conj/Fire      30%        2d9       11%         4

Your spell library contained the following spells:

 Spells                   Type           Power      Damage    Failure   Level
 Inner Flame              Hex/Fire       17%        N/A       10%         3
 Stone Arrow              Conj/Erth      34%        3d9       10%         3
 Animate Armour           Summ/Erth      8%         N/A       71%         4
 Lehudib's Crystal Spear  Conj/Erth      8%         10d4      100%        8


Dungeon Overview and Level Annotations

Branches:
Dungeon (5/15)             Temple (1/1) D:4

Altars:
Fedhas
Okawaru
Qazlal
Ru
Sif Muna
Trog
Uskayaw
Wu Jian
Zin
The Shining One

Shops:
D:4 (

Annotations:
D:3 exclusion: orc priest
D:5 Dowan, Duvessa, Prince Ribbit


Innate Abilities, Weirdness & Mutations

You have a beak for a mouth.
You have claws for feet.
Your magical nature lets you fly swiftly and evasively.


Message History

Confirm with . or Enter, or press ? or * to list all spells.
You conjure some foxfire!
The foxfire hits the hound.
The hound is heavily wounded.
The foxfire hits the hound but does no damage.
The hound is heavily wounded.
Casting: Foxfire (safe; 1% risk of failure)
Confirm with . or Enter, or press ? or * to list all spells.
You conjure some foxfire!
The hound completely misses you. The hound closely misses you.
Your foxfire dissipates!
The foxfire hits the hound but does no damage.
The hound is heavily wounded.
Casting: Foxfire (safe; 1% risk of failure)
Confirm with . or Enter, or press ? or * to list all spells.
Flames lash the hound.
You kill the hound!
Sif Muna accepts your kill.
Your Spellcasting skill increases to level 4!
Your magical contamination has completely faded away.
Magic restored.
An orc comes into view. It is wielding a +0 dagger.
Found a scroll labelled LYNGUFUERI.
Casting: Scorch (safe; 1% risk of failure)
Confirm with . or Enter, or press ? or * to list all spells.
You conjure some foxfire!
Casting: Foxfire (safe; 1% risk of failure)
Confirm with . or Enter, or press ? or * to list all spells.
You conjure some foxfire!
The foxfire hits the orc!
You kill the orc!
Sif Muna accepts your kill.
Casting: Foxfire (safe; 1% risk of failure)
Confirm with . or Enter, or press ? or * to list all spells.
You conjure some foxfire!
Your foxfire dissipates!
Your foxfire dissipates! x2
Your foxfire dissipates! x2
Found a stone staircase leading up.
t - 2 scrolls labelled LYNGUFUERI (gained 1)
You now have 205 gold pieces (gained 21).
You reach down and open the door.
There is an open door here.
q - 4 blue potions (gained 1)
A hound comes into view.
You see here 17 gold pieces.
Casting: Foxfire (safe; 1% risk of failure)
Confirm with . or Enter, or press ? or * to list all spells.
You can't see any susceptible monsters within range! (Use Z to cast anyway.)
Casting: Foxfire (safe; 1% risk of failure)
Confirm with . or Enter, or press ? or * to list all spells.
You conjure some foxfire!
The hound barks!
Casting: Foxfire (safe; 1% risk of failure)
Confirm with . or Enter, or press ? or * to list all spells.
You conjure some foxfire!
Casting: Foxfire (safe; 1% risk of failure)
Confirm with . or Enter, or press ? or * to list all spells.
You conjure some foxfire!
The foxfire hits the hound!
The hound is heavily wounded.
The foxfire hits the hound.
The hound is almost dead.
The foxfire hits the hound but does no damage.
The hound is almost dead.
The foxfire hits the hound.
You kill the hound!
Sif Muna accepts your kill.
Casting: Foxfire (safe; 1% risk of failure)
Confirm with . or Enter, or press ? or * to list all spells.
You can't see any susceptible monsters within range! (Use Z to cast anyway.)
You now have 222 gold pieces (gained 17).
Your foxfire dissipates!
You see here a hound corpse.
You now have 233 gold pieces (gained 11).
A gnoll comes into view. It is wielding a +0 halberd.
A gnoll is nearby!
Casting: Foxfire (safe; 1% risk of failure)
Confirm with . or Enter, or press ? or * to list all spells.
You conjure some foxfire!
The gnoll shouts!
A gnoll comes into view. It is wielding a +0 club.
Casting: Foxfire (safe; 1% risk of failure)
Confirm with . or Enter, or press ? or * to list all spells.
You conjure some foxfire!
An ufetubus comes into view.
The foxfire hits the gnoll.
The gnoll is heavily wounded.
The foxfire hits the gnoll.
The gnoll is severely wounded.
Casting: Foxfire (safe; 1% risk of failure)
Confirm with . or Enter, or press ? or * to list all spells.
You conjure some foxfire!
The ufetubus shouts!
You hear a shout!
Prince Ribbit comes into view.
A gnoll comes into view. It is wielding a staff of cold.
The foxfire hits the gnoll.
The gnoll is almost dead.
Casting: Foxfire (safe; 1% risk of failure)
Confirm with . or Enter, or press ? or * to list all spells.
You conjure some foxfire!
The foxfire hits the gnoll but does no damage.
The gnoll is almost dead.
The foxfire hits the gnoll.
The gnoll is lightly wounded.
The foxfire hits the gnoll but does no damage.
The gnoll is lightly wounded.
The foxfire hits the gnoll.
The gnoll is heavily wounded.
Prince Ribbit blinks!
The foxfire hits the gnoll.
The gnoll is almost dead.
Casting: Foxfire (safe; 1% risk of failure)
Confirm with . or Enter, or press ? or * to list all spells.
You conjure some foxfire!
A centaur comes into view.
Casting: Foxfire (safe; 1% risk of failure)
Confirm with . or Enter, or press ? or * to list all spells.
You conjure some foxfire!
The centaur shouts!
You hear an angry hiss.
Prince Ribbit blinks!
A gnoll comes into view. It is wielding a +0 club.
The foxfire hits the gnoll!
You kill the gnoll!
Sif Muna accepts your kill.
Casting: Foxfire (safe; 1% risk of failure)
Confirm with . or Enter, or press ? or * to list all spells.
You conjure some foxfire!
The foxfire hits the gnoll.
You kill the gnoll!
Sif Muna accepts your kill.
The foxfire hits the ufetubus.
The ufetubus is lightly wounded.
The foxfire hits the ufetubus!
The ufetubus is burned terribly!
You kill the ufetubus!
Sif Muna accepts your kill.
A phantom comes into view.
Casting: Foxfire (safe; 1% risk of failure)
Confirm with . or Enter, or press ? or * to list all spells.
You conjure some foxfire!
An adder comes into view.
The foxfire hits the gnoll!
The gnoll is heavily wounded.
The foxfire hits the gnoll.
The gnoll is severely wounded.
Casting: Foxfire (safe; 1% risk of failure)
Confirm with . or Enter, or press ? or * to list all spells.
You conjure some foxfire!
The foxfire hits the gnoll but does no damage.
The gnoll is severely wounded.
The foxfire hits the gnoll but does no damage.
The gnoll is severely wounded.
Casting: Foxfire (safe; 1% risk of failure)
Confirm with . or Enter, or press ? or * to list all spells.
You conjure some foxfire!
The foxfire hits the gnoll!
You kill the gnoll!
Sif Muna accepts your kill.
The foxfire hits the gnoll.
The gnoll is heavily wounded.
Your foxfire dissipates!
Duvessa, Sister of Dowan comes into view.
She is wielding a +0 short sword.
Duvessa shouts!
The foxfire hits the gnoll.
The gnoll is almost dead.
Prince Ribbit blinks!
Casting: Foxfire (safe; 1% risk of failure)
Confirm with . or Enter, or press ? or * to list all spells.
Flames lash the gnoll.
You kill the gnoll!
Sif Muna accepts your kill.
You hear a shout!
Dowan, Brother of Duvessa comes into view.
He is wielding a +0 dagger.
Casting: Scorch (safe; 1% risk of failure)
Confirm with . or Enter, or press ? or * to list all spells.
Flames lash the phantom.
The phantom is moderately damaged.
The phantom's fire resistance burns away.
Prince Ribbit blinks!
The centaur wields a +0 shortbow.
The centaur shoots an arrow.
The arrow hits you.
The centaur shoots an arrow.
The arrow barely misses you.
Save game and exit? [Y]es or [N]o only, please.
Save game and exit?
Okay, then.
Saving game... please wait.
Level annotation: Dowan, Duvessa, Prince Ribbit Welcome back, GloriousHammer the Tengu Fire Elementalist.
Sif Muna whispers: I know many secrets...
Press ? for a list of commands and other information.
The centaur shoots an arrow.
The arrow misses you.
The phantom is no longer more vulnerable to fire.
Dowan says, "Stay away from my face!"
Dowan mumbles some strange words.
Dowan blinks!
Dowan gestures wildly while chanting.
Dowan blinks!
The centaur shoots an arrow.
The arrow barely misses you.
The centaur shoots an arrow.
The arrow hits you!
The centaur shoots an arrow.
The arrow hits you!
You see here a hound corpse.
The centaur shoots an arrow.
The arrow hits you!
* * * LOW HITPOINT WARNING * * *
The adder attacks as you move away! The adder bites you.
You die...

### ### ####.# #.#
#....###.#
#......S.##########
#####†###@.........#
###.....############.#
#..........# #...#
#......W...# #...#
####..c.......# #...#
#........e....# #...#
#.....e.......# ###.#
#.............#
####'####
#......########
#.......#


You could see an adder.

Vanquished Creatures
  Eustachio (D:4)
  Menkaure (D:5)
  A sleepcap (D:5)
  2 hounds (D:5)
  A jelly (D:4)
  2 orc wizards (D:4)
  8 gnolls
  5 adders
  An ufetubus (D:5)
  2 worms
  2 dart slugs
  7 orcs
  3 ball pythons
  6 bats
  3 endoplasms
  4 giant cockroaches
  9 goblins
  10 hobgoblins
  2 jackals (D:1)
  A quokka (D:4)
  4 frilled lizards
  6 kobolds
  4 rats
85 creatures vanquished.

Vanquished Creatures (others)
  277 foxfires
277 creatures vanquished.

Grand Total: 362 creatures vanquished

Notes
Turn   | Place    | Note
-------+----------+-------------------------------------------
     0 | D:1      | GloriousHammer the Tengu Fire Elementalist began the quest
                  | for the Orb.
     0 | D:1      | Reached XP level 1. HP: 10/10 MP: 4/4
   213 | D:1      | Reached XP level 2. HP: 14/15 MP: 3/6
   766 | D:1      | Reached XP level 3. HP: 19/19 MP: 2/7
  1452 | D:2      | Reached XP level 4. HP: 20/24 MP: 0/8
  1654 | D:2      | Learned a level 2 spell: Scorch
  1658 | D:2      | Learned a level 3 spell: Volatile Blastmotes
  2636 | D:2      | Gained mutation: Your magical nature lets you fly swiftly
                  | and evasively. [Tengu growth]
  2636 | D:2      | Reached XP level 5. HP: 28/28 MP: 4/10
  3285 | D:3      | Identified the +9 whip "Waly" {venom, Dex+7}
  3890 | D:4      | Found a staircase to the Ecumenical Temple.
  4028 | D:4      | Found Quush's Antique Weapon Boutique.
  4061 | D:4      | Reached XP level 6. HP: 32/32 MP: 2/11
  4180 | D:4      | Noticed Eustachio
  4195 | D:4      | Killed Eustachio
  4196 | D:4      | Reached skill level 5 in Fire Magic
  4751 | Temple   | Entered the Ecumenical Temple
  4910 | Temple   | Became a worshipper of Sif Muna the Loreminder
  4916 | Temple   | Learned a level 4 spell: Flame Wave
  4991 | D:5      | Entered Level 5 of the Dungeon
  5018 | D:5      | Noticed Menkaure
  5022 | D:5      | Killed Menkaure
  5023 | D:5      | Reached skill level 5 in Conjurations
  5023 | D:5      | Reached XP level 7. HP: 36/36 MP: 5/13
  5323 | D:5      | Noticed Prince Ribbit
  5333 | D:5      | Noticed Duvessa
  5334 | D:5      | Noticed Dowan
  5351 | D:5      | Slain by an adder

Illustrated notes

Levels and vault maps discovered:
D:1:      lemuel_arrival_cross, layout_basic, minmay_octomino_j4
D:2:      layout_basic
D:3:      layout_basic
D:4:      layout_loops_ring, minmay_temple_entry_nine_rooms, serial_shops,
          nicolae_shop_rolling_square, uniq_eustachio
D:5:      layout_basic, nicolae_overflow_two_pavilions, serial_shops,
          nicolae_shop_back_alley_shop, uniq_menkaure, uniq_prince_ribbit1,
          uniq_duvessa
Temple:   nicolae_temple_bog_church

Skill      XL: |  1  2  3  4  5  6  7 |
---------------+----------------------+-----
Conjurations   | 2 3 5 |  5.4
Fire Magic     | 4 5 |  5.7
Stealth        | 3 4 |  4.0
Spellcasting   | 3 4 |  4.1
Dodging        | |  2.1

Action                     |  1- 3 |  4- 6 |  7- 9 || total
---------------------------+-------+-------+-------++-------
  Melee: Dagger            |     3 |       |       ||     3
         Kick              |     1 |     2 |       ||     3
         Peck              |     1 |       |       ||     1
         Whip              |       |     8 |       ||     8
   Cast: Foxfire           |    76 |    93 |    19 ||   188
         Scorch            |       |    17 |     3 ||    20
 Armour: Robe              |     1 |     4 |       ||     5
  Dodge: Dodged            |     7 |    18 |     5 ||    30
